 Dungeon Crawl Stone Soup version 0.27-a0-931-g5a74e75d8f (webtiles) character file.

Game seed: 7863864054008827673

133 pokeman the Magician (level 4, -1/25 HPs)
             Began as a Deep Elf Hedge Wizard on Apr 10, 2021.
             Slain by an adder (5 damage)
             ... on level 3 of the Dungeon.
             The game lasted 00:06:10 (3570 turns).

pokeman the Magician (Deep Elf Hedge Wizard)        Turns: 3570, Time: 00:06:11

Health: -1/25      AC:  2    Str:  7    XL:     4   Next: 94%
Magic:  0/14       EV: 13    Int: 20    God:
Gold:   158        SH:  0    Dex: 14    Spells: 4/15 levels left

rFire    . . .     SeeInvis .   a - +0 dagger
rCold    . . .     Faith    .   (no shield)
rNeg     . . .     Spirit   .   b - +0 robe
rPois    .         Reflect  .   c - +0 hat
rElec    .         Harm     .   (no cloak)
rCorr    .         Rampage  .   (no gloves)
Will     .....                  (no boots)
Stlth    ++........             (no amulet)
HPRegen  0.08/turn              (no ring)
MPRegen  0.14/turn              (no ring)

@: no status effects
A: no striking features
a: no special abilities


You were on level 3 of the Dungeon.
You visited 1 branch of the dungeon, and saw 3 of its levels.

You collected 158 gold pieces.

Inventory:

Hand Weapons
 a - a +0 dagger (weapon)
Armour
 b - a +0 robe (worn)
 c - a +0 hat (worn)
 e - a +0 kite shield
Scrolls
 d - 2 scrolls of identify {unknown}
 g - a scroll of enchant weapon {unknown}
 h - a scroll of torment {unknown}
Potions
 i - a potion of flight {unknown}
 j - a potion of lignification


   Skills:
 - Level 1.0 Fighting
 - Level 1.0 Armour
 - Level 3.0 Dodging
 - Level 2.4 Stealth
 + Level 0.8 Shields
 * Level 6.0 Spellcasting
 + Level 2.3 Conjurations
 - Level 1.1 Summonings
 - Level 1.1 Translocations
 + Level 0.0 Fire Magic


You had 4 spell levels left.
You knew the following spells:

 Your Spells              Type           Power      Damage    Failure   Level
a - Magic Dart            Conj           60%        1d6       4%          1
b - Mephitic Cloud        Conj/Pois/Air  9%         N/A       22%         3
c - Call Imp              Summ           10%        N/A       10%         2
d - Blink                 Tloc           N/A        N/A       10%         2
e - Conjure Flame         Conj/Fire      10%        6-21      19%         3

Your spell library contained the following spells:

 Spells                   Type           Power      Damage    Failure   Level
 Beastly Appendage        Tmut           12%        N/A       11%         1
 Slow                     Hex            6%         N/A       16%         2
 Wereblood                Tmut           6%         N/A       16%         2
 Spider Form              Tmut/Pois      3%         N/A       30%         3
 Ice Form                 Ice/Tmut       6%         N/A       71%         4
 Hydra Form               Tmut           3%         N/A       96%         5


Dungeon Overview and Level Annotations

Branches:
Dungeon (3/15)

Altars:


Message History

The magic dart hits the adder.
The adder is moderately wounded.
Casting: Magic Dart (safe; 4% risk of failure)
Confirm with . or Enter, or press ? or * to list all spells.
Aiming: Magic Dart (safe; 4% risk of failure)
Press: ? - help, Shift-Dir - straight line, f/p - adder
Aim: an adder (moderately wounded, 0% to evade)
The magic dart hits the adder but does no damage.
The adder is moderately wounded.
Casting: Magic Dart (safe; 4% risk of failure)
Confirm with . or Enter, or press ? or * to list all spells.
Aiming: Magic Dart (safe; 4% risk of failure)
Press: ? - help, Shift-Dir - straight line, f/p - adder
Aim: an adder (moderately wounded, 0% to evade)
The magic dart hits the adder.
The adder is heavily wounded.
Casting: Magic Dart (safe; 4% risk of failure)
Confirm with . or Enter, or press ? or * to list all spells.
Aiming: Magic Dart (safe; 4% risk of failure)
Press: ? - help, Shift-Dir - straight line, f/p - adder
Aim: an adder (heavily wounded, 0% to evade)
The magic dart hits the adder.
The adder is heavily wounded.
You hit the adder.
The adder is severely wounded.
The adder barely misses you. The adder misses you.
You hit the adder but do no damage.
The adder is severely wounded.
The adder bites you.
* * * LOW HITPOINT WARNING * * *
Casting: Magic Dart (safe; 4% risk of failure)
Confirm with . or Enter, or press ? or * to list all spells.
Aiming: Magic Dart (safe; 4% risk of failure)
Press: ? - help, Shift-Dir - straight line, f/p - adder
Aim: an adder (severely wounded, 0% to evade)
The magic dart hits the adder.
The adder is almost dead.
The adder closely misses you. The adder bites you.
You die...

# ###...†..>..........#
#.#.......##..........#
###.#.###....#..........#
.......###....#.####.#####
........).......# #<.#
#..............### #..#
.#.......#....# ##..#
#.........##..## ..#
...#........@## ..#
...#......#.S# ..#
.............#.## ...
#...##.......#.# ....
.............#.#
............##.#
............##.#####.
.............)).......
......................


You could see an adder.

Vanquished Creatures
  A kobold brigand (D:3)
  3 worms (D:2)
  5 dart slugs
  5 ball pythons
  2 endoplasms
  2 giant cockroaches (D:2)
  4 goblins
  4 hobgoblins
  4 jackals (D:2)
  2 quokkas (D:1)
  2 bats
  4 frilled lizards
  5 kobolds
  3 rats
46 creatures vanquished.

Vanquished Creatures (collateral kills)
  A hobgoblin (D:2)
1 creature vanquished.

Vanquished Creatures (others)
  4 toadstools (D:1)
4 creatures vanquished.

Grand Total: 51 creatures vanquished

Notes
Turn   | Place    | Note
-------+----------+-------------------------------------------
     0 | D:1      | pokeman the Deep Elf Hedge Wizard began the quest for the
                  | Orb.
     0 | D:1      | Reached XP level 1. HP: 10/10 MP: 7/7
   490 | D:1      | Reached XP level 2. HP: 15/15 MP: 5/9
  1028 | D:1      | Found a faded altar of an unknown god.
  1411 | D:2      | Reached skill level 5 in Spellcasting
  1678 | D:2      | Reached XP level 3. HP: 20/20 MP: 2/11
  1718 | D:2      | Learned a level 3 spell: Mephitic Cloud
  1721 | D:2      | Learned a level 2 spell: Call Imp
  1724 | D:2      | Learned a level 2 spell: Blink
  1728 | D:2      | Learned a level 3 spell: Conjure Flame
  2312 | D:2      | Reached skill level 1 in Fighting
  2527 | D:2      | Reached skill level 1 in Armour
  3448 | D:3      | Noticed a kobold brigand
  3477 | D:3      | HP: 1/30 [poisoned by a kobold brigand]
  3532 | D:3      | Killed a kobold brigand
  3533 | D:3      | Reached skill level 6 in Spellcasting
  3533 | D:3      | Reached XP level 4. HP: 5/25 MP: 1/14
  3570 | D:3      | Slain by an adder

Illustrated notes

Levels and vault maps discovered:
D:1:      ldierk_walled_garden_2, layout_basic, ebering_ecumenical_altar_hall,
          chequers_arboretum
D:2:      minmay_inner_zag, layout_loops_ring
D:3:      layout_rooms, hangedman_decor_push

Skill      XL: |  1  2  3 |
---------------+----------+-----
Spellcasting   | 5 6 |  6.0
Fighting       | 1 |  1.0
Armour         | 1 |  1.0
Conjurations   | 2 |  2.3
Dodging        | 3 |  3.0
Stealth        | |  2.4
Shields        | |  0.8
Summonings     | |  1.1
Translocations | |  1.1

Action                   |  1- 3 |  4- 6 || total
-------------------------+-------+-------++-------
Melee: Dagger            |   106 |     2 ||   108
 Cast: Magic Dart        |   127 |     6 ||   133
       Conjure Flame     |     4 |       ||     4
       Mephitic Cloud    |     4 |       ||     4
       Call Imp          |     1 |       ||     1
  Use: Potion            |     2 |       ||     2
 Stab: Sleeping          |     1 |       ||     1
       Confused          |     3 |       ||     3
Armor: Robe              |    14 |       ||    14
       Skin              |    14 |       ||    14
Dodge: Dodged            |    68 |     3 ||    71

Table legend: (Time is in decaauts)
 A = Elapsed time spent in this place.
 B = Non-inter-level travel time spent in this place.
 C = Inter-level travel time spent in this place.
 D = Time resting spent in this place.
 E = Time spent auto-exploring this place.
 F = Levels seen in this place.
 G = Mean time per level.
                   A        B        C        D        E       F      G
               +--------+--------+--------+--------+--------+-----+--------+
         Total |   3571 |   3491 |     80 |     35 |   3011 |   3 | 1190.3 |
       Dungeon |   3571 |   3491 |     80 |     35 |   3011 |   3 | 1190.3 |
               +--------+--------+--------+--------+--------+-----+--------+

Top non-repeatable levels by time:
     D:2: 1981 daAuts
     D:1: 1359 daAuts
     D:3: 229 daAuts
